Map: Romanticide LE

Players

Massa

  • Race: Terran Terran
  • League: Platinum
  • Spawn Location: 11:00

Fero - Winner!

  • Race: Terran Terran
  • League: Platinum
  • Spawn Location: 5:00

VOD

Have the link to the VOD?

Description

Time

  • Played on: Jan. 12, 2021, 11:29 a.m.
  • Length: 22:13
Show
View Real Time Build Order
Export as new Build Order

Massa Terran 

Build Orders: 1/1/1 

Get SALT Encoding   

  12  0:00  SCV  
  13  0:12  SCV  
  14  0:17  Supply Depot  
  14  0:24  SCV  
  15  0:39  SCV  
  15  0:40  Barracks  
  16  0:45  Refinery  
  16  0:51  SCV  
  17  1:00  Refinery  
  17  1:03  SCV  
  18  1:13  Supply Depot  
  18  1:15  SCV  
  19  1:29  Orbital Command  
  19  1:41  Factory  
  19  1:47  Reaper  
  20  1:55  SCV  
  21  2:05  Barracks  
  21  2:09  SCV  
  22  2:20  Barracks Tech Lab  
  22  2:25  Factory Tech Lab  
  22  2:28  Starport  
  22  2:32  SCV  
  23  2:38  Marine  
  23  2:39  Barracks  
  23  2:42  Stimpack  
  24  2:49  SCV  
  27  2:51  Widow Mine  
  27  2:54  Marine  
  27  2:57  Marine  
  30  3:11  Medivac  
  31  3:21  Supply Depot  
  31  3:32  Engineering Bay  
  31  3:42  Marine x3  
  31  3:43  Widow Mine  
  36  4:00  Marine x3  
  38  4:18  Marine  
  38  4:20  Starport Tech Lab  
  39  4:24  Supply Depot  
  39  4:26  Supply Depot  
  39  4:28  Terran Infantry Weapons Level 1  
  39  4:46  Cyclone, Marine x3  
  39  4:47  Command Center  
  35  5:29  Raven  
  37  5:42  Command Center  
  37  5:44  Missile Turret  
  37  5:45  Missile Turret  
  37  5:48  Siege Tank  
  40  6:00  Marine x2  
  42  6:06  Barracks Reactor, Combat Shield  
  42  6:18  SCV x2, Marine  
  44  6:23  Medivac  
  47  6:27  Terran Infantry Armor Level 1  
  47  6:30  SCV  
  48  6:33  Orbital Command  
  48  6:45  Marine  
  48  6:46  Marine x3  
  52  6:52  Siege Tank  
  55  6:57  Viking  
  57  7:07  SCV  
  57  7:08  SCV x2  
  60  7:19  SCV  
  61  7:29  Marauder  
  63  7:30  Barracks Tech Lab, Marine x2  
  63  7:32  Siege Tank  
  63  7:34  Viking  
  63  7:35  SCV x3  
  73  7:47  SCV x3  
  73  7:50  Marauder, Missile Turret  
  78  7:59  SCV  
  78  8:01  Marine  
  78  8:02  Marine x2  
  78  8:04  Viking  
  78  8:05  Concussive Shells  
  84  8:07  SCV  
  84  8:10  Refinery  
  85  8:16  Supply Depot  
  85  8:20  Armory  
  85  8:27  Widow Mine, Marauder, Marine x2  
  85  8:33  Refinery  
  81  8:34  SCV  
  81  8:35  SCV  
  83  8:46  SCV, Viking  
  83  8:47  SCV  
  87  8:55  Siege Tank  
  90  8:56  Marauder  
  90  8:57  Marine  
  93  9:11  Missile Turret  
  93  9:15  Sensor Tower  
  93  9:25  Sensor Tower  
  93  9:32  Marine x2  
  93  9:46  Orbital Command  
  93  9:52  Refinery  
  93  9:58  Supply Depot  
  93  9:59  Supply Depot  
  93  10:05  Supply Depot  
  93  10:07  Supply Depot  
  93  10:10  Supply Depot  
  93  10:19  SCV x2, Marine x4, Viking  
  93  10:21  SCV, Missile Turret  
  102  10:31  SCV x2  
  102  10:33  SCV  
  102  10:34  Barracks  
  105  10:37  Barracks, Marauder, Marine x3  
  110  10:43  SCV x2  
  110  10:47  Sensor Tower  
  110  10:49  Refinery, Viking  
  114  10:55  Marauder, Marine x2  
  118  10:59  Marauder  
  120  11:09  Siege Tank  
  123  11:12  Marine x2  
  123  11:17  Marauder  
  127  11:19  Raven  
  127  11:20  Marauder, Command Center  
  127  11:23  Command Center  
  131  11:31  SCV x2  
  133  11:37  SCV  
  132  11:42  Marauder  
  132  11:43  SCV x2  
  132  11:55  Supply Depot  
  132  11:56  Supply Depot x2  
  132  11:59  Marine  
  133  12:05  Terran Infantry Weapons Level 2  
  133  12:16  Marauder x2  
  133  12:20  Supply Depot  
  133  12:21  Supply Depot x2  
  133  12:22  Marine  
  138  12:23  Barracks Reactor, Barracks Tech Lab, Marine  
  139  12:32  Viking  
  141  12:38  Marauder x2  
  141  12:43  Supply Depot  
  145  12:46  Supply Depot  
  145  12:47  Supply Depot  
  145  12:59  Marauder x2  
  145  13:02  Medivac  
  151  13:08  SCV x3  
  151  13:10  Supply Depot  
  154  13:18  Starport  
  154  13:20  Starport, SCV x3  
  157  13:32  SCV x3  
  158  13:44  SCV  
  159  14:08  Marauder x3  
  159  14:09  Marine x4  
  169  14:12  Starport Reactor x2  
  169  14:13  Viking  
  171  14:20  Planetary Fortress  
  171  14:21  Terran Infantry Armor Level 2  
  171  14:22  SCV x3  
  174  14:29  Marauder x2  
  174  14:30  Marauder  
  180  14:34  SCV x3  
  183  14:42  Raven  
  185  14:51  Marauder x3, Terran Vehicle Weapons Level 1  
  191  15:00  Command Center  
  191  15:23  Missile Turret  
  191  15:25  Missile Turret  
  191  15:27  Missile Turret  
  191  15:30  Viking x4  
  191  15:32  Supply Depot  
  191  15:33  Supply Depot  
  191  15:35  Supply Depot  
  199  15:40  Sensor Tower  
  199  15:47  Unknown  
  199  15:48  Missile Turret  
  199  15:50  Missile Turret  
  199  15:55  Supply Depot  
  199  15:56  Supply Depot  
  199  15:58  Supply Depot  
  199  15:59  Missile Turret  
  199  16:15  Planetary Fortress  
  199  16:20  Refinery  
  199  16:22  Missile Turret  
  199  16:24  Refinery, Planetary Fortress  
  199  16:37  Terran Infantry Weapons Level 3  
  199  16:45  Missile Turret  
  199  17:08  Missile Turret  
  197  17:15  Viking  
  199  17:18  Terran Vehicle And Ship Armor Level 1  
  199  17:24  Armory  
  153  18:05  Viking x3  
  189  18:06  Viking x2  
  127  18:29  Marauder x3, Marine  
  127  18:30  Marine x2  
  127  18:31  Siege Tank  
  105  18:36  Raven  
  105  18:37  Viking x3  
  105  18:38  Viking  
  105  18:39  Marine  
  114  18:46  Barracks x2  
  114  18:47  Marine  
  114  18:48  Marine x2  
  117  18:49  Barracks  
  117  18:50  Marauder  
  117  18:51  Marauder x2  
  123  18:56  Sensor Tower  
  123  18:59  Missile Turret  
  123  19:00  Missile Turret  
  123  19:02  Terran Vehicle Weapons Level 2  
  123  19:03  Siege Tank  
  123  19:07  Viking  
  123  19:09  Fusion Core  
  126  19:11  Marauder  
  126  19:12  Marauder x2  
  132  19:19  Raven  
  132  19:20  Missile Turret  
  134  19:26  Marine x3, Missile Turret x2  
  134  19:27  Marine  
  138  19:33  Marauder x3  
  138  19:35  Siege Tank  
  147  19:44  Marine x4  
  151  19:47  Barracks Reactor, Barracks Tech Lab x2, Missile Turret  
  151  19:49  Missile Turret  
  133  19:54  Marauder  
  133  19:55  Marauder x2  
  137  20:02  Marine x4  
  141  20:08  Missile Turret  
  141  20:16  Marauder x3  
  141  20:19  Command Center  
  141  20:21  Viking x4  
  151  20:22  Raven  
  157  20:37  Marauder x3  
  157  20:39  Command Center  
  158  20:45  Thor  
  164  20:54  Viking x4  
  171  20:58  Marauder  
  171  20:59  Marauder x2  
  177  21:04  Raven  
  177  21:08  Factory  
  177  21:10  Factory  
  172  21:28  Thor  
  172  21:30  Marine  
  172  21:31  Marine x10  
  124  21:48  Marine x4  
  124  21:49  Marine x7  
  112  21:57  Command Center  
  108  22:01  Missile Turret  
  108  22:04  Factory Tech Lab x2  
Show
View Real Time Build Order
Export as new Build Order

Fero Terran - Winner!

Build Orders:  

Get SALT Encoding   

  12  0:01  SCV  
  13  0:13  SCV  
  14  0:17  Supply Depot  
  14  0:25  SCV  
  15  0:39  SCV  
  15  0:41  Barracks  
  16  0:46  Refinery  
  16  0:50  Refinery  
  16  0:53  SCV  
  17  1:05  SCV  
  18  1:22  Supply Depot  
  18  1:23  SCV  
  19  1:32  Bunker, Marine  
  20  1:45  Factory  
  20  1:49  Marine  
  20  1:53  SCV  
  22  2:07  Marine  
  23  2:10  Orbital Command  
  23  2:26  Barracks Tech Lab  
  23  2:29  Hellion  
  25  2:38  SCV, Engineering Bay  
  26  2:56  SCV  
  27  2:58  Barracks Tech Lab  
  27  3:05  Starport  
  27  3:11  Missile Turret  
  27  3:18  Missile Turret  
  27  3:23  Siege Tank  
  27  3:25  Missile Turret  
  30  3:27  Marine  
  31  3:41  Supply Depot  
  31  3:59  Starport Reactor  
  31  4:10  Command Center  
  31  4:16  Marine  
  32  4:17  Missile Turret  
  32  4:27  Siege Tank  
  35  4:33  Marine  
  35  4:36  Terran Infantry Armor Level 1  
  36  4:42  SCV  
  37  4:47  Viking  
  35  5:22  Starport Reactor  
  31  5:31  Marine  
  32  5:41  Command Center  
  32  5:48  SCV, Missile Turret  
  32  5:49  Marine  
  34  6:04  Viking  
  34  6:06  Marine  
  34  6:10  Missile Turret  
  37  6:11  Orbital Command  
  37  6:23  Viking  
  37  6:24  Marine  
  40  6:27  Combat Shield  
  40  6:37  SCV  
  41  6:48  Supply Depot  
  41  6:50  SCV  
  42  7:02  SCV  
  43  7:10  Supply Depot  
  43  7:12  SCV  
  43  7:13  Starport  
  44  7:24  SCV  
  44  7:25  Orbital Command  
  45  7:30  Medivac  
  45  7:36  SCV  
  48  7:42  Armory  
  48  7:45  Marine  
  48  7:48  SCV  
  50  7:58  SCV  
  50  8:00  SCV  
  50  8:02  SCV, Marine  
  50  8:03  Missile Turret  
  54  8:10  SCV  
  54  8:12  Starport Tech Lab, SCV  
  56  8:14  Viking  
  56  8:15  SCV  
  56  8:19  Terran Infantry Weapons Level 1  
  59  8:22  SCV  
  59  8:24  SCV  
  61  8:29  Refinery  
  61  8:33  Missile Turret  
  61  8:34  Siege Tank  
  64  8:35  SCV  
  64  8:36  SCV  
  66  8:45  Factory, Marine  
  67  8:49  SCV  
  67  8:55  SCV  
  69  9:01  SCV  
  70  9:02  Stimpack  
  70  9:03  Marine  
  70  9:06  Siege Tank  
  70  9:07  SCV  
  70  9:08  Raven  
  77  9:10  Medivac, Viking  
  81  9:19  SCV  
  81  9:21  Marine  
  81  9:31  SCV  
  80  9:38  Siege Tank  
  81  9:39  Marine  
  81  9:43  SCV  
  81  9:44  Viking  
  85  9:49  Missile Turret  
  85  9:54  Refinery  
  85  9:58  Refinery  
  85  10:02  Refinery, Supply Depot  
  85  10:05  Supply Depot  
  85  10:12  Missile Turret  
  85  10:14  Terran Vehicle And Ship Armor Level 1  
  85  10:16  Hi-Sec Auto Tracking  
  85  10:23  SCV, Marine, Viking x3  
  93  10:31  Missile Turret  
  93  10:35  SCV  
  93  10:41  Marine  
  95  10:46  Supply Depot  
  95  10:48  SCV  
  96  10:53  Viking x2  
  100  10:58  Factory Tech Lab  
  100  11:00  SCV  
  101  11:08  Supply Depot, Siege Tank  
  104  11:12  SCV, Supply Depot  
  104  11:14  Supply Depot  
  108  11:18  Siege Tank  
  108  11:30  Supply Depot  
  108  11:32  Sensor Tower  
  108  11:35  Sensor Tower  
  108  11:38  Supply Depot  
  106  11:40  Siege Tank  
  109  11:50  Siege Tank  
  112  11:59  Starport  
  112  12:04  Command Center  
  112  12:12  Siege Tank  
  115  12:17  Terran Vehicle And Ship Armor Level 2  
  115  12:22  Viking, Thor  
  123  12:36  Starport  
  123  12:44  Siege Tank  
  126  13:05  Starport Tech Lab, Thor  
  132  13:06  Viking x3  
  137  13:29  Orbital Command  
  137  13:36  Liberator x3  
  146  13:42  Thor  
  146  13:43  Viking x2  
  156  14:13  Viking  
  158  14:19  Orbital Command  
  158  14:40  Terran Ship Weapons Level 1  
  158  14:47  Barracks  
  158  14:49  Supply Depot  
  158  14:50  Barracks  
  158  15:12  Supply Depot  
  158  15:21  Fusion Core  
  158  15:28  Starport Tech Lab, Barracks  
  158  15:29  Marine  
  158  15:31  Raven, Liberator  
  158  15:32  Viking x2  
  158  15:35  Siege Tank x2, Supply Depot  
  174  15:36  Barracks  
  174  15:46  Marine  
  174  15:49  Terran Infantry Armor Level 2  
  175  15:51  Refinery, Engineering Bay  
  175  15:58  Supply Depot  
  175  16:02  Viking  
  177  16:04  Marine  
  178  16:16  Refinery, Barracks  
  178  16:29  Weapon Refit  
  178  16:31  Battlecruiser x2  
  178  16:32  Battlecruiser  
  196  16:34  Terran Vehicle And Ship Armor Level 3  
  196  16:45  Sensor Tower  
  196  16:47  Missile Turret  
  196  16:57  Barracks Reactor, Barracks Tech Lab  
  188  17:09  Missile Turret  
  188  17:17  Viking x2  
  192  17:24  Supply Depot  
  192  17:28  Neosteel Armor  
  192  17:32  Missile Turret  
  192  17:46  Battlecruiser  
  192  17:47  Viking, Supply Depot  
  168  18:42  Orbital Command  
  168  18:53  Battlecruiser x2  
  168  18:54  Battlecruiser  
  183  19:53  Orbital Command  
  183  19:57  Battlecruiser  
  183  19:58  Battlecruiser  
  192  20:11  Viking, Battlecruiser  
  200  20:59  Refinery  
  200  21:13  Command Center  
  168  21:50  Marine x6  
  168  21:51  Marine  
Tags
 
Matchup
TvT
Opening
1/1/1
Race
Terran
Replay Pack
Multiplayer
Spawn Locations
Cross Positions
Add a new tag
Caveats
  • Supply blocks, unpowered buildings, or Contaminate may cause inaccurate times.
  • Supply counts are checked every 10 seconds.